Calgary Hitman vs Lake Erie Monsters

Created - 3 avril 2024 at 08:33

Goals
1 2 3 OT1 SO T
Calgary Hitman 2 2 1 0 2 6
Lake Erie Monsters 3 1 1 0 1 5
Shots
1 2 3 OT1 SO T
Calgary Hitman 10 12 7 6 4 35
Lake Erie Monsters 14 10 9 0 4 33

GoalsPenalties
1st period
1. Lake Erie Monsters , Mavrik Bourque 49 (Will Bitten 72, Matthew Robertson 40) at 4:07
2. Calgary Hitman , Juraj Slafkovsky 82 (Victor Soderstrom 90, Connor Zary 65) at 9:27
3. Lake Erie Monsters , Henri Nikkanen 34 (Thomas Harley 6, Tyler Sikura 29) at 14:34
4. Lake Erie Monsters , Ethen Frank 75 (Ryan Suzuki 114) at 14:38
5. Calgary Hitman , Brandon Duhaime 74 (Olle Lycksell 67, Thomas Bordeleau 52) at 15:23
2nd period
6. Lake Erie Monsters , Mavrik Bourque 50 (Will Bitten 73, Gabriel Dumont 62) at 0:30
7. Calgary Hitman , Austin Czarnik 50 (Ben Meyers 31) at 3:25 (SH)
8. Calgary Hitman , Rasmus Kupari 74 (Connor Zary 66, Samuel Bolduc 40) at 19:59
Tyler Tucker (MST) for Fighting (Major) at 2:29
Thomas Bordeleau (HIT) for Fighting (Major) at 2:29
Thomas Bordeleau (HIT) for instigated a fight (Minor) at 2:29
Thomas Bordeleau (HIT) for instigated a fight (10 Minutes Misconduct) at 2:29
Gabriel Dumont (MST) for Delaying the game (Minor) at 12:10
3rd period
9. Calgary Hitman , Juraj Slafkovsky 83 (Rasmus Kupari 111, Connor Zary 67) at 9:16
10. Lake Erie Monsters , Oskar Steen 34 (Kyle Rau 42, Blake Murray 17) at 9:56
Brandon Duhaime (HIT) for Hooking (Minor) at 11:59
Overtime #1
No Goal
Shootout
Calgary Hitman, Callahan Burke - Stopped by Rejean Lemelin
Lake Erie Monsters, Ethen Frank - Shot Misses the Net
Calgary Hitman, Connor Zary - Stopped by Rejean Lemelin
Lake Erie Monsters, Turner Elson - Goal!
Calgary Hitman, Thomas Bordeleau - Goal!
Lake Erie Monsters, Ryan Suzuki - Shot Hit the Post
Calgary Hitman, Tyler Tullio - Goal!
Lake Erie Monsters, Mavrik Bourque - Stopped by Oskari Salminen
Goalie Stats
Dustin Tokarski (HIT), 11 saves from 15 shots - (0,733), 20:30 minutes
Oskari Salminen (HIT), 17 saves from 18 shots - (0,944), W, 19-9-1, 44:30 minutes
Rejean Lemelin (MST), 30 saves from 35 shots - (0,857), OTL, 7-3-2, 65:00 minutes
3 StarsOfficial
1 - Juraj Slafkovsky (HIT)
2 - Mavrik Bourque (MST)
3 - Connor Zary (HIT)
Referees : Ghislain Hebert and Garrett Rank
Linesman : Jaime Alary and Travis Toomey
Game Note
9:27 of 1st period - Calgary Hitman goal is going for a video replay. After video review, Goal.
Oskari Salminen enters game at 0:30 of 2nd period
Tyler Tucker and Thomas Bordeleau fight to a draw at 2:29 of 2nd period
Finance
Level 1 -- Attendance: 2000 (100,00%) -- Ticket Income $60,000
Level 2 -- Attendance: 1000 (100,00%) -- Ticket Income $10,000
Total Attendance: 3000 (100,00%)
Total Ticket Income: $70,000
Other Income: $34,300
Total Income: $104,300



Team Name Goals Shots Shots Attemp Shots Blocked PIM HIT PP PK FO%
Calgary Hitman 635702219190 / 1 (0%)045%
Lake Erie Monsters 53377147300 / 2 (0%)055%

Calgary Hitman
Player Name POS G A P +/- PIM HIT SHT SB MP PP MP PP SHT PK MP PK SHT FO% FOT GA TA
Austin CzarnikC/LW/RW1010012213:450:0002:3410% 040
Ben MeyersC/LW0111001013:490:1402:34050% 610
Brandon DuhaimeLW/RW101-1234218:230:5600:2400% 101
Callahan BurkeC000-1022114:490:0000:54075% 411
Casey FitzgeraldD0001010117:350:0002:4100% 000
Connor ZaryC/LW0331003018:301:0310:00050% 210
Jeremie PoirierD000-1023319:570:4400:0000% 000
Juraj SlafkovskyLW/RW2021015120:311:0310:3000% 000
Olle LycksellRW011-1001015:480:5600:0000% 000
Radim SimekD000-1022323:440:0002:4100% 001
Rasmus KupariC/RW1121004021:021:0310:06046% 2622
Samuel BolducD0111022523:460:4401:1700% 000
Shane BowersC/LW/RW0000012010:390:0000:0000% 000
Thomas BordeleauC/LW011-11701013:090:0000:00020% 501
Trevor CarrickD0000012117:301:1510:0000% 000
Tyler PitlickC/RW000-1020014:050:4200:5400% 000
Tyler TullioRW0000000011:300:0000:0000% 001
Victor SoderstromD0110011327:281:1501:1700% 020
Lake Erie Monsters
Player Name POS G A P +/- PIM HIT SHT SB MP PP MP PP SHT PK MP PK SHT FO% FOT GA TA
Blake MurrayC011-1000112:360:0000:0000% 000
Brandon BaddockLW000103009:190:0000:0000% 000
Ethen FrankC1011003020:092:4600:0000% 110
Gabriel DumontC/RW0111200018:250:0000:0000% 210
Henri NikkanenC1011052014:311:3701:0700% 200
Jimmy SchuldtD000-1010322:111:3600:4500% 000
Joe HickettsD0000013120:511:1810:0000% 001
Kyle RauC/LW011-2045014:441:1210:420100% 110
Matthew RobertsonD0110001217:590:0000:4500% 000
Mavrik BourqueC2020044018:532:4620:00080% 1012
Oskar SteenC101-1013013:390:0000:35050% 202
Ronan SeeleyD0000002014:530:0000:0000% 002
Ryan SuzukiC0110022219:421:1210:25054% 2400
Thomas HarleyD0111031027:452:3501:1400% 022
Turner ElsonLW0000022018:070:0001:0900% 100
Tyler SikuraC/LW0110000111:221:1200:000100% 110
Tyler TuckerD0001502325:161:0401:1400% 002
Will BittenC/RW022-1043117:372:3200:0000% 000

Calgary Hitman

5 vs 5 Forward
Line #Left WingCenterRight WingPHYDFOFWanted %Time %Time Play
1Connor ZaryRasmus KupariJuraj Slafkovsky0143729%15:53
2Brandon DuhaimeThomas BordeleauOlle Lycksell0233230%16:23
3Tyler PitlickCallahan BurkeAustin Czarnik0322121%11:08
4Shane BowersBen MeyersTyler Tullio0321020%10:39
5 vs 5 Defense
Line #DefenseDefensePHYDFOFWanted %Time %Time Play
1Victor SoderstromSamuel Bolduc0323633%17:57
2Radim SimekJeremie Poirier0323233%18:04
3Casey FitzgeraldTrevor Carrick0412226%14:05
4Victor SoderstromRadim Simek032107%3:57
Power Play Forward
Line #Left WingCenterRight WingPHYDFOFWanted %Time %Time Play
1Connor ZaryRasmus KupariJuraj Slafkovsky0056053%1:03
2Brandon DuhaimeThomas BordeleauOlle Lycksell0054047%0:56
Power Play Defense
Line #DefenseDefensePHYDFOFWanted %Time %Time Play
1Trevor CarrickVictor Soderstrom0146063%1:15
2Samuel BolducJeremie Poirier0144037%0:44
Penalty Kill 4 Players Forward
Line #CenterWingPHYDFOFWanted %Time %Time Play
1Ben MeyersAustin Czarnik0416077%3:04
2Callahan BurkeTyler Pitlick0414023%0:54
Penalty Kill 4 Players Defense
Line #DefenseDefensePHYDFOFWanted %Time %Time Play
1Radim SimekCasey Fitzgerald1406068%2:41
2Victor SoderstromSamuel Bolduc1404032%1:17
Penalty Kill 3 Players
Line #WingPHYDFOFWanted %Time %Time PlayDefenseDefensePHYDFOFWanted %Time %Time Play
1Ben Meyers050600%0:00 Radim SimekCasey Fitzgerald050600%0:00
2Brandon Duhaime050400%0:00 Victor SoderstromSamuel Bolduc050400%0:00
4 vs 4 Forward
Line #CenterWingPHYDFOFWanted %Time %Time Play
1Rasmus KupariJuraj Slafkovsky02360100%5:00
2Connor ZaryBrandon Duhaime023400%0:00
4 vs 4 Defense
Line #DefensePHYDFOFWanted %Time %Time Play
1Trevor CarrickVictor Soderstrom0236059%60% - 2:58
2Jeremie PoirierSamuel Bolduc0234041%40% - 2:02
Last Minutes Offensive
Left WingCenterRight WingDefenseDefense
Connor ZaryRasmus KupariJuraj SlafkovskyVictor SoderstromTrevor Carrick
Last Minutes Defensive
Left WingCenterRight WingDefenseDefense
Austin CzarnikCallahan BurkeBrandon DuhaimeRadim SimekCasey Fitzgerald
Time
Total ForwardTotal DefenseLast Minutes OffensiveLast Minutes Defensive
65:00 65:00 0:000:00
Extra Forwards
Normal PowerPlayPenalty Kill
Rasmus Kupari, Juraj Slafkovsky, Brandon DuhaimeTyler Pitlick, Ben MeyersBrandon Duhaime
Extra Defensemen
Normal PowerPlayPenalty Kill
Radim Simek, Victor Soderstrom, Samuel BolducJeremie Poirier, Jeremie PoirierTrevor Carrick
Penalty Shots
Callahan Burke, Connor Zary, Thomas Bordeleau, Tyler Tullio, Trevor Carrick
Goalie
Dustin Tokarski, Oskari Salminen
Scratches
Drew Worrad (Healthy), Brandon Scanlin (Healthy), Cam Dineen (Healthy), Sean Day (Healthy), Simon Ryfors (Healthy) Wyatt Newpower (Healthy), Colton Poolman (Healthy), Ivan Morozov (Healthy), Ilya Usov (Healthy), Sam Hentges (Healthy)

Lake Erie Monsters

5 vs 5 Forward
Line #Left WingCenterRight WingPHYDFOFWanted %Time %Time Play
1Ethen FrankRyan SuzukiGabriel Dumont1134035%18:44
2Turner ElsonMavrik BourqueWill Bitten1133030%16:16
3Kyle RauOskar SteenBlake Murray1222018%9:44
4Tyler SikuraHenri NikkanenBrandon Baddock2211017%9:19
5 vs 5 Defense
Line #DefenseDefensePHYDFOFWanted %Time %Time Play
1Thomas HarleyTyler Tucker1224040%21:24
2Jimmy SchuldtJoe Hicketts1223432%17:11
3Matthew RobertsonRonan Seeley1222626%13:52
4Joe HickettsTyler Tucker12203%1:36
Power Play Forward
Line #Left WingCenterRight WingPHYDFOFWanted %Time %Time Play
1Ethen FrankMavrik BourqueWill Bitten1046070%2:46
2Kyle RauRyan SuzukiTyler Sikura1044030%1:12
Power Play Defense
Line #DefenseDefensePHYDFOFWanted %Time %Time Play
1Thomas HarleyTyler Tucker0146065%2:35
2Jimmy SchuldtWill Bitten0144035%1:23
Penalty Kill 4 Players Forward
Line #CenterWingPHYDFOFWanted %Time %Time Play
1Henri NikkanenTurner Elson1316079%1:34
2Ryan SuzukiKyle Rau1314021%0:25
Penalty Kill 4 Players Defense
Line #DefenseDefensePHYDFOFWanted %Time %Time Play
1Thomas HarleyTyler Tucker1406062%1:14
2Jimmy SchuldtMatthew Robertson1404038%0:45
Penalty Kill 3 Players
Line #WingPHYDFOFWanted %Time %Time PlayDefenseDefensePHYDFOFWanted %Time %Time Play
1Oskar Steen140600%0:00 Joe HickettsMatthew Robertson140600%0:00
2Turner Elson140400%0:00 Jimmy SchuldtTyler Tucker140400%0:00
4 vs 4 Forward
Line #CenterWingPHYDFOFWanted %Time %Time Play
1Mavrik BourqueTurner Elson12260100%5:00
2Ryan SuzukiMavrik Bourque122400%0:00
4 vs 4 Defense
Line #DefensePHYDFOFWanted %Time %Time Play
1Thomas HarleyTyler Tucker1226058%60% - 2:55
2Matthew RobertsonJoe Hicketts1224042%40% - 2:05
Last Minutes Offensive
Left WingCenterRight WingDefenseDefense
Ryan SuzukiEthen FrankMavrik BourqueThomas HarleyWill Bitten
Last Minutes Defensive
Left WingCenterRight WingDefenseDefense
Turner ElsonRyan SuzukiWill BittenThomas HarleyTyler Tucker
Time
Total ForwardTotal DefenseLast Minutes OffensiveLast Minutes Defensive
65:00 65:00 0:000:00
Extra Forwards
Normal PowerPlayPenalty Kill
Henri Nikkanen, Blake Murray, Oskar SteenHenri Nikkanen, Blake MurrayOskar Steen
Extra Defensemen
Normal PowerPlayPenalty Kill
Joe Hicketts, Matthew Robertson, Thomas HarleyJoe Hicketts, Matthew RobertsonJimmy Schuldt
Penalty Shots
Ethen Frank, Turner Elson, Ryan Suzuki, Mavrik Bourque, Oskar Steen
Goalie
Rejean Lemelin, Daniil Tarasov
Scratches
Eduards Tralmaks (Healthy), Zackary Hayes (Healthy), Mitchell Vande Sompel (Healthy), Marshall Rifai (Healthy), Matthew Rempe (Healthy) Danila Zhuravlyov (Healthy)


Play-by-Play

1st period


0:01 of 1st period - Ryan Suzuki wins face-off versus Rasmus Kupari in neutral zone.
0:10 of 1st period - Snap shot by Ryan Suzuki.
0:10 of 1st period - Shot Misses the Net.
0:12 of 1st period - Slapshot by Tyler Tucker.
0:12 of 1st period - Shot Blocked by Victor Soderstrom.
0:14 of 1st period - Snap shot by Ethen Frank.
0:14 of 1st period - Stopped by Dustin Tokarski with a rebound.
1:21 of 1st period - Radim Simek is hit by Brandon Baddock.
1:56 of 1st period - Brandon Duhaime is hit by Will Bitten and loses puck.
2:18 of 1st period - Trevor Carrick is hit by Henri Nikkanen and loses puck.
2:25 of 1st period - Brandon Baddock is hit by Austin Czarnik and loses puck.
2:54 of 1st period - Off-side.
2:55 of 1st period - Ryan Suzuki wins face-off versus Connor Zary in neutral zone.
3:02 of 1st period - Slapshot by Connor Zary.
3:02 of 1st period - Shot Misses the Net.
3:24 of 1st period - Snap shot by Will Bitten.
3:24 of 1st period - Stopped by Dustin Tokarski without a rebound.
3:25 of 1st period - Mavrik Bourque wins face-off versus Brandon Duhaime in Calgary Hitman zone.
3:32 of 1st period - Wrist shot by Mavrik Bourque.
3:32 of 1st period - Shot Misses the Net.
3:34 of 1st period - Slapshot by Turner Elson.
3:34 of 1st period - Stopped by Dustin Tokarski with a rebound.
3:36 of 1st period - Snap shot by Turner Elson.
3:36 of 1st period - Shot Misses the Net.
3:38 of 1st period - Wrist shot by Turner Elson.
3:38 of 1st period - Shot Blocked by Radim Simek.
3:40 of 1st period - Slapshot by Matthew Robertson.
3:40 of 1st period - Deflect By Brandon Duhaime.
3:40 of 1st period - Stopped by Dustin Tokarski with a rebound.
3:48 of 1st period - Will Bitten is hit by Brandon Duhaime and loses puck.
4:01 of 1st period - Snap shot by Will Bitten.
4:01 of 1st period - Stopped by Dustin Tokarski with a rebound.
4:03 of 1st period - Snap shot by Matthew Robertson.
4:03 of 1st period - Shot Blocked by Radim Simek.
4:05 of 1st period - Slapshot by Will Bitten.
4:05 of 1st period - Shot Misses the Net.
4:07 of 1st period - Wrist shot by Mavrik Bourque.
4:07 of 1st period - Goal by Mavrik Bourque - Calgary Hitman : 0 - Lake Erie Monsters : 1.
4:08 of 1st period - Rasmus Kupari wins face-off versus Gabriel Dumont in neutral zone.
4:21 of 1st period - Snap shot by Ryan Suzuki.
4:21 of 1st period - Shot Misses the Net.
4:23 of 1st period - Snap shot by Ethen Frank.
4:23 of 1st period - Shot Blocked by Samuel Bolduc.
4:40 of 1st period - Snap shot by Oskar Steen.
4:40 of 1st period - Stopped by Dustin Tokarski with a rebound.
4:42 of 1st period - Backhand shot by Blake Murray.
4:42 of 1st period - Shot Blocked by Samuel Bolduc.
4:59 of 1st period - Brandon Duhaime is hit by Turner Elson.
5:30 of 1st period - Snap shot by Juraj Slafkovsky.
5:30 of 1st period - Shot Misses the Net.
5:32 of 1st period - Slapshot by Casey Fitzgerald.
5:32 of 1st period - Shot Blocked by Jimmy Schuldt.
5:34 of 1st period - Snap shot by Rasmus Kupari.
5:34 of 1st period - Stopped by Rejean Lemelin without a rebound.
5:35 of 1st period - Rasmus Kupari wins face-off versus Ryan Suzuki in Lake Erie Monsters zone.
7:09 of 1st period - Snap shot by Ryan Suzuki.
7:09 of 1st period - Shot Misses the Net.
7:26 of 1st period - Icing by Tyler Pitlick.
7:27 of 1st period - Oskar Steen wins face-off versus Callahan Burke in Calgary Hitman zone.
7:34 of 1st period - Backhand shot by Kyle Rau.
7:34 of 1st period - Shot Blocked by Austin Czarnik.
7:36 of 1st period - Slapshot by Jimmy Schuldt.
7:36 of 1st period - Shot Blocked by Samuel Bolduc.
7:41 of 1st period - Wrist shot by Joe Hicketts.
7:41 of 1st period - Stopped by Dustin Tokarski with a rebound.
8:45 of 1st period - Snap shot by Tyler Tullio.
8:45 of 1st period - Shot Misses the Net.
8:47 of 1st period - Slapshot by Jeremie Poirier.
8:47 of 1st period - Stopped by Rejean Lemelin with a rebound.
8:49 of 1st period - Slapshot by Radim Simek.
8:49 of 1st period - Shot Blocked by Tyler Tucker.
9:05 of 1st period - Thomas Harley is hit by Tyler Pitlick and loses puck.
9:17 of 1st period - Off-side.
9:18 of 1st period - Rasmus Kupari wins face-off versus Oskar Steen in neutral zone.
9:23 of 1st period - Snap shot by Connor Zary.
9:23 of 1st period - Shot Blocked by Matthew Robertson.
9:25 of 1st period - Slapshot by Victor Soderstrom.
9:25 of 1st period - Stopped by Rejean Lemelin with a rebound.
9:27 of 1st period - Snap shot by Juraj Slafkovsky.
9:27 of 1st period - Calgary Hitman goal is going for a video replay.
9:27 of 1st period - The goal is good.
9:27 of 1st period - Goal by Juraj Slafkovsky - Calgary Hitman : 1 - Lake Erie Monsters : 1.
9:28 of 1st period - Connor Zary wins face-off versus Ryan Suzuki in neutral zone.
9:33 of 1st period - Slapshot by Connor Zary.
9:33 of 1st period - Shot Blocked by Jimmy Schuldt.
9:55 of 1st period - Victor Soderstrom is hit by Will Bitten and loses puck.
10:37 of 1st period - Wrist shot by Ryan Suzuki.
10:37 of 1st period - Stopped by Dustin Tokarski without a rebound.
10:38 of 1st period - Ryan Suzuki wins face-off versus Rasmus Kupari in Calgary Hitman zone.
10:47 of 1st period - Snap shot by Rasmus Kupari.
10:47 of 1st period - Shot Blocked by Ryan Suzuki.
10:49 of 1st period - Slapshot by Juraj Slafkovsky.
10:49 of 1st period - Deflect By Rasmus Kupari.
10:49 of 1st period - Shot Misses the Net.
10:49 of 1st period - Puck is out of play.
10:50 of 1st period - Ryan Suzuki wins face-off versus Thomas Bordeleau in Lake Erie Monsters zone.
10:57 of 1st period - Snap shot by Thomas Bordeleau.
10:57 of 1st period - Shot Misses the Net.
11:04 of 1st period - Wrist shot by Brandon Duhaime.
11:04 of 1st period - Shot Misses the Net.
11:06 of 1st period - Snap shot by Brandon Duhaime.
11:06 of 1st period - Stopped by Rejean Lemelin without a rebound.
11:07 of 1st period - Mavrik Bourque wins face-off versus Rasmus Kupari in Lake Erie Monsters zone.
11:34 of 1st period - Thomas Bordeleau is hit by Ryan Suzuki and loses puck.
12:03 of 1st period - Samuel Bolduc is hit by Kyle Rau and loses puck.
12:46 of 1st period - Wrist shot by Turner Elson.
12:46 of 1st period - Stopped by Dustin Tokarski with a rebound.
13:20 of 1st period - Jeremie Poirier is hit by Jimmy Schuldt and loses puck.
14:05 of 1st period - Tyler Sikura is hit by Juraj Slafkovsky.
14:19 of 1st period - Callahan Burke is hit by Brandon Baddock and loses puck.
14:32 of 1st period - Slapshot by Thomas Harley.
14:32 of 1st period - Shot Blocked by Radim Simek.
14:34 of 1st period - Wrist shot by Henri Nikkanen.
14:34 of 1st period - Goal by Henri Nikkanen - Calgary Hitman : 1 - Lake Erie Monsters : 2.
14:35 of 1st period - Ryan Suzuki wins face-off versus Rasmus Kupari in neutral zone.
14:38 of 1st period - Wrist shot by Ethen Frank.
14:38 of 1st period - Goal by Ethen Frank - Calgary Hitman : 1 - Lake Erie Monsters : 3.
14:39 of 1st period - Rasmus Kupari wins face-off versus Ryan Suzuki in neutral zone.
14:44 of 1st period - Wrist shot by Connor Zary.
14:44 of 1st period - Stopped by Rejean Lemelin with a rebound.
14:46 of 1st period - Wrist shot by Juraj Slafkovsky.
14:46 of 1st period - Shot Misses the Net.
14:50 of 1st period - Wrist shot by Connor Zary.
14:50 of 1st period - Deflect By Juraj Slafkovsky.
14:50 of 1st period - Shot Misses the Net.
14:50 of 1st period - Puck is out of play.
14:51 of 1st period - Ryan Suzuki wins face-off versus Thomas Bordeleau in Lake Erie Monsters zone.
15:23 of 1st period - Slapshot by Brandon Duhaime.
15:23 of 1st period - Goal by Brandon Duhaime - Calgary Hitman : 2 - Lake Erie Monsters : 3.
15:24 of 1st period - Ryan Suzuki wins face-off versus Rasmus Kupari in neutral zone.
16:15 of 1st period - Jeremie Poirier is hit by Henri Nikkanen.
16:20 of 1st period - Wrist shot by Brandon Duhaime.
16:20 of 1st period - Shot Blocked by Matthew Robertson.
16:28 of 1st period - Slapshot by Brandon Duhaime.
16:28 of 1st period - Shot Misses the Net.
17:05 of 1st period - Ryan Suzuki is hit by Samuel Bolduc and loses puck.
17:43 of 1st period - Slapshot by Thomas Bordeleau.
17:43 of 1st period - Stopped by Rejean Lemelin with a rebound.
17:45 of 1st period - Slapshot by Victor Soderstrom.
17:45 of 1st period - Shot Misses the Net.
17:47 of 1st period - Slapshot by Samuel Bolduc.
17:47 of 1st period - Shot Blocked by Tyler Sikura.
18:07 of 1st period - Snap shot by Oskar Steen.
18:07 of 1st period - Shot Blocked by Casey Fitzgerald.
18:09 of 1st period - Backhand shot by Blake Murray.
18:09 of 1st period - Shot Blocked by Trevor Carrick.
18:11 of 1st period - Snap shot by Kyle Rau.
18:11 of 1st period - Stopped by Dustin Tokarski with a rebound.
18:13 of 1st period - Snap shot by Blake Murray.
18:13 of 1st period - Shot Misses the Net.
18:17 of 1st period - Snap shot by Oskar Steen.
18:17 of 1st period - Shot Misses the Net.
18:26 of 1st period - Icing by Connor Zary.
18:27 of 1st period - Rasmus Kupari wins face-off versus Ryan Suzuki in Calgary Hitman zone.
18:38 of 1st period - Snap shot by Connor Zary.
18:38 of 1st period - Shot Blocked by Tyler Tucker.
18:40 of 1st period - Slapshot by Casey Fitzgerald.
18:40 of 1st period - Deflect By Juraj Slafkovsky.
18:40 of 1st period - Stopped by Rejean Lemelin with a rebound.
18:42 of 1st period - Snap shot by Juraj Slafkovsky.
18:42 of 1st period - Shot Misses the Net.
18:54 of 1st period - Wrist shot by Will Bitten.
18:54 of 1st period - Stopped by Dustin Tokarski with a rebound.
19:49 of 1st period - Wrist shot by Juraj Slafkovsky.
19:49 of 1st period - Stopped by Rejean Lemelin with a rebound.
Goals for this period are 2 for Calgary Hitman vs 3 for Lake Erie Monsters.
Shots for this period are 10 for Calgary Hitman vs 14 for Lake Erie Monsters.

2nd period


0:01 of 2nd period - Ryan Suzuki wins face-off versus Rasmus Kupari in neutral zone.
0:16 of 2nd period - Wrist shot by Juraj Slafkovsky.
0:16 of 2nd period - Shot Blocked by Jimmy Schuldt.
0:30 of 2nd period - Snap shot by Mavrik Bourque.
0:30 of 2nd period - Goal by Mavrik Bourque - Calgary Hitman : 2 - Lake Erie Monsters : 4.
0:30 of 2nd period - Oskari Salminen enters game.
0:31 of 2nd period - Rasmus Kupari wins face-off versus Gabriel Dumont in neutral zone.
0:36 of 2nd period - Backhand shot by Connor Zary.
0:36 of 2nd period - Shot Blocked by Ryan Suzuki.
1:26 of 2nd period - Wrist shot by Kyle Rau.
1:26 of 2nd period - Stopped by Oskari Salminen with a rebound.
1:28 of 2nd period - Wrist shot by Blake Murray.
1:28 of 2nd period - Shot Misses the Net.
1:44 of 2nd period - Snap shot by Ryan Suzuki.
1:44 of 2nd period - Shot Blocked by Callahan Burke.
1:46 of 2nd period - Snap shot by Ronan Seeley.
1:46 of 2nd period - Shot Blocked by Victor Soderstrom.
1:48 of 2nd period - Slapshot by Ronan Seeley.
1:48 of 2nd period - Stopped by Oskari Salminen with a rebound.
1:58 of 2nd period - Wrist shot by Austin Czarnik.
1:58 of 2nd period - Stopped by Rejean Lemelin with a rebound.
2:06 of 2nd period - Wrist shot by Henri Nikkanen.
2:06 of 2nd period - Shot Misses the Net.
2:08 of 2nd period - Backhand shot by Henri Nikkanen.
2:08 of 2nd period - Stopped by Oskari Salminen with a rebound.
2:24 of 2nd period - Snap shot by Olle Lycksell.
2:24 of 2nd period - Stopped by Rejean Lemelin without a rebound.
2:25 of 2nd period - Ryan Suzuki wins face-off versus Thomas Bordeleau in Lake Erie Monsters zone.
2:29 of 2nd period - Tyler Tucker and Thomas Bordeleau fight to a draw.
2:29 of 2nd period - Penalty to Tyler Tucker for Fighting.
2:29 of 2nd period - Penalty to Thomas Bordeleau for Fighting.
2:29 of 2nd period - Penalty to Thomas Bordeleau for instigated a fight.
2:29 of 2nd period - Penalty to Thomas Bordeleau for instigated a fight.
2:30 of 2nd period - Mavrik Bourque wins face-off versus Ben Meyers in Calgary Hitman zone.
2:33 of 2nd period - Slapshot by Mavrik Bourque.
2:33 of 2nd period - Shot Misses the Net.
2:35 of 2nd period - Wrist shot by Ethen Frank.
2:35 of 2nd period - Shot Blocked by Austin Czarnik.
2:37 of 2nd period - Snap shot by Mavrik Bourque.
2:37 of 2nd period - Stopped by Oskari Salminen with a rebound.
2:39 of 2nd period - Snap shot by Mavrik Bourque.
2:39 of 2nd period - Stopped by Oskari Salminen with a rebound.
2:43 of 2nd period - Snap shot by Mavrik Bourque.
2:43 of 2nd period - Shot Misses the Net.
2:45 of 2nd period - Snap shot by Joe Hicketts.
2:45 of 2nd period - Deflect By Ben Meyers.
2:45 of 2nd period - Stopped by Oskari Salminen with a rebound.
3:25 of 2nd period - Snap shot by Austin Czarnik.
3:25 of 2nd period - Goal by Austin Czarnik - Calgary Hitman : 3 - Lake Erie Monsters : 4.
3:26 of 2nd period - Mavrik Bourque wins face-off versus Ben Meyers in neutral zone.
3:39 of 2nd period - Slapshot by Mavrik Bourque.
3:39 of 2nd period - Shot Misses the Net.
3:41 of 2nd period - Wrist shot by Ethen Frank.
3:41 of 2nd period - Shot Blocked by Samuel Bolduc.
3:51 of 2nd period - Kyle Rau is hit by Callahan Burke and loses puck.
4:29 of 2nd period - Penalty to Thomas Bordeleau is over, Rasmus Kupari is send on ice.
4:52 of 2nd period - Rasmus Kupari is hit by Brandon Baddock and loses puck.
5:23 of 2nd period - Jeremie Poirier is hit by Mavrik Bourque and loses puck.
6:46 of 2nd period - Icing by Tyler Pitlick.
6:47 of 2nd period - Callahan Burke wins face-off versus Ryan Suzuki in Calgary Hitman zone.
7:16 of 2nd period - Connor Zary is hit by Thomas Harley and loses puck.
7:38 of 2nd period - Snap shot by Brandon Duhaime.
7:38 of 2nd period - Shot Blocked by Blake Murray.
7:48 of 2nd period - Tyler Sikura is hit by Callahan Burke and loses puck.
8:15 of 2nd period - Matthew Robertson is hit by Brandon Duhaime and loses puck.
8:38 of 2nd period - Tyler Pitlick is hit by Mavrik Bourque and loses puck.
8:55 of 2nd period - Wrist shot by Shane Bowers.
8:55 of 2nd period - Stopped by Rejean Lemelin with a rebound.
9:20 of 2nd period - Slapshot by Juraj Slafkovsky.
9:20 of 2nd period - Shot Misses the Net.
9:46 of 2nd period - Snap shot by Turner Elson.
9:46 of 2nd period - Shot Blocked by Samuel Bolduc.
9:52 of 2nd period - Snap shot by Mavrik Bourque.
9:52 of 2nd period - Shot Blocked by Brandon Duhaime.
9:54 of 2nd period - Wrist shot by Ronan Seeley.
9:54 of 2nd period - Stopped by Oskari Salminen with a rebound.
10:04 of 2nd period - Wrist shot by Ryan Suzuki.
10:04 of 2nd period - Shot Misses the Net.
10:55 of 2nd period - Mavrik Bourque is hit by Shane Bowers.
11:07 of 2nd period - Snap shot by Ethen Frank.
11:07 of 2nd period - Shot Blocked by Jeremie Poirier.
11:15 of 2nd period - Wrist shot by Ryan Suzuki.
11:15 of 2nd period - Deflect By Ethen Frank.
11:15 of 2nd period - Stopped by Oskari Salminen with a rebound.
11:27 of 2nd period - Callahan Burke is hit by Oskar Steen and loses puck.
11:34 of 2nd period - Snap shot by Kyle Rau.
11:34 of 2nd period - Stopped by Oskari Salminen without a rebound.
11:35 of 2nd period - Ben Meyers wins face-off versus Mavrik Bourque in Calgary Hitman zone.
12:02 of 2nd period - Backhand shot by Juraj Slafkovsky.
12:02 of 2nd period - Shot Blocked by Joe Hicketts.
12:05 of 2nd period - Icing by Ryan Suzuki.
12:06 of 2nd period - Rasmus Kupari wins face-off versus Ryan Suzuki in Lake Erie Monsters zone.
12:10 of 2nd period - Minor Penalty to Gabriel Dumont for Delaying the game.
12:11 of 2nd period - Rasmus Kupari wins face-off versus Henri Nikkanen in Lake Erie Monsters zone.
12:17 of 2nd period - Snap shot by Juraj Slafkovsky.
12:17 of 2nd period - Stopped by Rejean Lemelin with a rebound.
12:19 of 2nd period - Slapshot by Trevor Carrick.
12:19 of 2nd period - Stopped by Rejean Lemelin with a rebound.
12:23 of 2nd period - Snap shot by Rasmus Kupari.
12:23 of 2nd period - Shot Misses the Net.
12:25 of 2nd period - Snap shot by Rasmus Kupari.
12:25 of 2nd period - Stopped by Rejean Lemelin with a rebound.
12:27 of 2nd period - Wrist shot by Connor Zary.
12:27 of 2nd period - Stopped by Rejean Lemelin with a rebound.
12:57 of 2nd period - Rasmus Kupari is hit by Thomas Harley and loses puck.
13:01 of 2nd period - Icing by Rasmus Kupari.
13:02 of 2nd period - Ryan Suzuki wins face-off versus Rasmus Kupari in Calgary Hitman zone.
13:05 of 2nd period - Wrist shot by Ryan Suzuki.
13:05 of 2nd period - Shot Misses the Net.
14:10 of 2nd period - Penalty to Gabriel Dumont is over, Gabriel Dumont is back on ice.
14:49 of 2nd period - Slapshot by Thomas Harley.
14:49 of 2nd period - Shot Blocked by Jeremie Poirier.
14:59 of 2nd period - Joe Hicketts is hit by Brandon Duhaime and loses puck.
16:40 of 2nd period - Tyler Pitlick is hit by Ryan Suzuki and loses puck.
17:05 of 2nd period - Tyler Tullio is hit by Henri Nikkanen and loses puck.
17:16 of 2nd period - Tyler Tucker is hit by Casey Fitzgerald and loses puck.
17:29 of 2nd period - 10 Minutes Misconduct Penalty to Thomas Bordeleau is over.
17:56 of 2nd period - Wrist shot by Casey Fitzgerald.
17:56 of 2nd period - Shot Blocked by Will Bitten.
18:07 of 2nd period - Icing by Victor Soderstrom.
18:08 of 2nd period - Callahan Burke wins face-off versus Henri Nikkanen in Calgary Hitman zone.
18:41 of 2nd period - Slapshot by Brandon Duhaime.
18:41 of 2nd period - Shot Misses the Net.
18:43 of 2nd period - Slapshot by Victor Soderstrom.
18:43 of 2nd period - Shot Misses the Net.
18:53 of 2nd period - Tyler Tucker is hit by Radim Simek.
19:13 of 2nd period - Wrist shot by Ryan Suzuki.
19:13 of 2nd period - Shot Misses the Net.
19:33 of 2nd period - Slapshot by Tyler Tucker.
19:33 of 2nd period - Shot Blocked by Jeremie Poirier.
19:43 of 2nd period - Slapshot by Jeremie Poirier.
19:43 of 2nd period - Stopped by Rejean Lemelin with a rebound.
19:45 of 2nd period - Wrist shot by Ben Meyers.
19:45 of 2nd period - Shot Blocked by Tyler Tucker.
19:47 of 2nd period - Snap shot by Ben Meyers.
19:47 of 2nd period - Stopped by Rejean Lemelin with a rebound.
19:49 of 2nd period - Slapshot by Radim Simek.
19:49 of 2nd period - Stopped by Rejean Lemelin without a rebound.
19:50 of 2nd period - Mavrik Bourque wins face-off versus Rasmus Kupari in Lake Erie Monsters zone.
19:59 of 2nd period - Snap shot by Rasmus Kupari.
19:59 of 2nd period - Goal by Rasmus Kupari - Calgary Hitman : 4 - Lake Erie Monsters : 4.
Goals for this period are 2 for Calgary Hitman vs 1 for Lake Erie Monsters.
Shots for this period are 12 for Calgary Hitman vs 10 for Lake Erie Monsters.

3rd period


0:01 of 3rd period - Rasmus Kupari wins face-off versus Ethen Frank in neutral zone.
0:12 of 3rd period - Slapshot by Joe Hicketts.
0:12 of 3rd period - Shot Blocked by Juraj Slafkovsky.
0:14 of 3rd period - Slapshot by Joe Hicketts.
0:14 of 3rd period - Stopped by Oskari Salminen without a rebound.
0:15 of 3rd period - Mavrik Bourque wins face-off versus Thomas Bordeleau in Calgary Hitman zone.
0:42 of 3rd period - Rasmus Kupari is hit by Kyle Rau and loses puck.
1:07 of 3rd period - Backhand shot by Shane Bowers.
1:07 of 3rd period - Stopped by Rejean Lemelin without a rebound.
1:08 of 3rd period - Ryan Suzuki wins face-off versus Ben Meyers in Lake Erie Monsters zone.
1:44 of 3rd period - Snap shot by Mavrik Bourque.
1:44 of 3rd period - Shot Misses the Net.
2:02 of 3rd period - Snap shot by Oskar Steen.
2:02 of 3rd period - Stopped by Oskari Salminen with a rebound.
2:04 of 3rd period - Snap shot by Oskar Steen.
2:04 of 3rd period - Shot Misses the Net.
2:06 of 3rd period - Slapshot by Tyler Tucker.
2:06 of 3rd period - Stopped by Oskari Salminen with a rebound.
2:21 of 3rd period - Slapshot by Callahan Burke.
2:21 of 3rd period - Shot Misses the Net.
3:04 of 3rd period - Jeremie Poirier is hit by Will Bitten and loses puck.
3:23 of 3rd period - Wrist shot by Kyle Rau.
3:23 of 3rd period - Stopped by Oskari Salminen with a rebound.
3:25 of 3rd period - Wrist shot by Matthew Robertson.
3:25 of 3rd period - Shot Misses the Net.
4:00 of 3rd period - Icing by Thomas Harley.
4:01 of 3rd period - Ben Meyers wins face-off versus Ryan Suzuki in Lake Erie Monsters zone.
4:13 of 3rd period - Off-side.
4:14 of 3rd period - Ryan Suzuki wins face-off versus Rasmus Kupari in neutral zone.
4:39 of 3rd period - Thomas Bordeleau is hit by Mavrik Bourque and loses puck.
5:44 of 3rd period - Slapshot by Tyler Tucker.
5:44 of 3rd period - Deflect By Rasmus Kupari.
5:44 of 3rd period - Stopped by Oskari Salminen with a rebound.
5:46 of 3rd period - Slapshot by Thomas Harley.
5:46 of 3rd period - Shot Misses the Net.
5:48 of 3rd period - Slapshot by Thomas Harley.
5:48 of 3rd period - Shot Misses the Net.
6:28 of 3rd period - Snap shot by Callahan Burke.
6:28 of 3rd period - Stopped by Rejean Lemelin without a rebound.
6:29 of 3rd period - Callahan Burke wins face-off versus Ryan Suzuki in Lake Erie Monsters zone.
7:22 of 3rd period - Snap shot by Thomas Bordeleau.
7:22 of 3rd period - Shot Misses the Net.
7:38 of 3rd period - Henri Nikkanen is hit by Victor Soderstrom and loses puck.
7:57 of 3rd period - Slapshot by Juraj Slafkovsky.
7:57 of 3rd period - Shot Misses the Net.
7:59 of 3rd period - Wrist shot by Connor Zary.
7:59 of 3rd period - Shot Misses the Net.
8:15 of 3rd period - Kyle Rau is hit by Tyler Pitlick and loses puck.
8:22 of 3rd period - Wrist shot by Austin Czarnik.
8:22 of 3rd period - Deflect By Callahan Burke.
8:22 of 3rd period - Stopped by Rejean Lemelin without a rebound.
8:23 of 3rd period - Mavrik Bourque wins face-off versus Rasmus Kupari in Lake Erie Monsters zone.
8:28 of 3rd period - Rasmus Kupari is hit by Turner Elson and loses puck.
8:34 of 3rd period - Icing by Jeremie Poirier.
8:35 of 3rd period - Rasmus Kupari wins face-off versus Ryan Suzuki in Calgary Hitman zone.
8:46 of 3rd period - Matthew Robertson is hit by Radim Simek.
9:14 of 3rd period - Snap shot by Juraj Slafkovsky.
9:14 of 3rd period - Deflect By Rasmus Kupari.
9:14 of 3rd period - Stopped by Rejean Lemelin with a rebound.
9:16 of 3rd period - Wrist shot by Juraj Slafkovsky.
9:16 of 3rd period - Goal by Juraj Slafkovsky - Calgary Hitman : 5 - Lake Erie Monsters : 4.
9:17 of 3rd period - Thomas Bordeleau wins face-off versus Ryan Suzuki in neutral zone.
9:44 of 3rd period - Wrist shot by Kyle Rau.
9:44 of 3rd period - Deflect By Blake Murray.
9:44 of 3rd period - Shot Blocked by Victor Soderstrom.
9:44 of 3rd period - Puck is out of play.
9:45 of 3rd period - Kyle Rau wins face-off versus Rasmus Kupari in Calgary Hitman zone.
9:56 of 3rd period - Wrist shot by Oskar Steen.
9:56 of 3rd period - Goal by Oskar Steen - Calgary Hitman : 5 - Lake Erie Monsters : 5.
9:57 of 3rd period - Rasmus Kupari wins face-off versus Ryan Suzuki in neutral zone.
10:31 of 3rd period - Snap shot by Will Bitten.
10:31 of 3rd period - Shot Blocked by Brandon Duhaime.
10:33 of 3rd period - Slapshot by Thomas Harley.
10:33 of 3rd period - Stopped by Oskari Salminen with a rebound.
11:39 of 3rd period - Henri Nikkanen is hit by Samuel Bolduc and loses puck.
11:59 of 3rd period - Minor Penalty to Brandon Duhaime for Hooking.
12:00 of 3rd period - Ben Meyers wins face-off versus Mavrik Bourque in Calgary Hitman zone.
12:37 of 3rd period - Victor Soderstrom is hit by Will Bitten and loses puck.
13:07 of 3rd period - Samuel Bolduc is hit by Henri Nikkanen and loses puck.
13:22 of 3rd period - Radim Simek is hit by Henri Nikkanen and loses puck.
13:35 of 3rd period - Callahan Burke is hit by Mavrik Bourque.
13:45 of 3rd period - Radim Simek is hit by Kyle Rau and loses puck.
13:52 of 3rd period - Snap shot by Ryan Suzuki.
13:52 of 3rd period - Stopped by Oskari Salminen without a rebound.
13:53 of 3rd period - Ryan Suzuki wins face-off versus Rasmus Kupari in Calgary Hitman zone.
13:54 of 3rd period - Wrist shot by Tyler Sikura.
13:54 of 3rd period - Deflect By Ryan Suzuki.
13:54 of 3rd period - Shot Misses the Net.
13:54 of 3rd period - Puck is out of play.
13:55 of 3rd period - Tyler Sikura wins face-off versus Rasmus Kupari in Calgary Hitman zone.
13:58 of 3rd period - Wrist shot by Kyle Rau.
13:58 of 3rd period - Stopped by Oskari Salminen with a rebound.
13:59 of 3rd period - Penalty to Brandon Duhaime is over, Brandon Duhaime is back on ice.
15:24 of 3rd period - Slapshot by Radim Simek.
15:24 of 3rd period - Stopped by Rejean Lemelin with a rebound.
15:58 of 3rd period - Slapshot by Trevor Carrick.
15:58 of 3rd period - Stopped by Rejean Lemelin with a rebound.
19:18 of 3rd period - Trevor Carrick is hit by Thomas Harley and loses puck.
Goals for this period are 1 for Calgary Hitman vs 1 for Lake Erie Monsters.
Shots for this period are 7 for Calgary Hitman vs 9 for Lake Erie Monsters.

Overtime #1


0:01 of 1st overtime period - Mavrik Bourque wins face-off versus Rasmus Kupari in neutral zone.
0:42 of 1st overtime period - Wrist shot by Brandon Duhaime.
0:42 of 1st overtime period - Stopped by Rejean Lemelin with a rebound.
0:44 of 1st overtime period - Snap shot by Samuel Bolduc.
0:44 of 1st overtime period - Stopped by Rejean Lemelin with a rebound.
0:46 of 1st overtime period - Slapshot by Samuel Bolduc.
0:46 of 1st overtime period - Shot Hit the Post.
0:48 of 1st overtime period - Snap shot by Brandon Duhaime.
0:48 of 1st overtime period - Deflect By Connor Zary.
0:48 of 1st overtime period - Shot Misses the Net.
0:48 of 1st overtime period - Puck is out of play.
0:49 of 1st overtime period - Rasmus Kupari wins face-off versus Turner Elson in Lake Erie Monsters zone.
1:20 of 1st overtime period - Snap shot by Brandon Duhaime.
1:20 of 1st overtime period - Stopped by Rejean Lemelin with a rebound.
1:22 of 1st overtime period - Slapshot by Samuel Bolduc.
1:22 of 1st overtime period - Stopped by Rejean Lemelin with a rebound.
1:24 of 1st overtime period - Slapshot by Jeremie Poirier.
1:24 of 1st overtime period - Stopped by Rejean Lemelin with a rebound.
1:26 of 1st overtime period - Snap shot by Connor Zary.
1:26 of 1st overtime period - Stopped by Rejean Lemelin with a rebound.
1:55 of 1st overtime period - Trevor Carrick is hit by Kyle Rau and loses puck.
2:21 of 1st overtime period - Tyler Tucker is hit by Jeremie Poirier and loses puck.
2:44 of 1st overtime period - Oskar Steen is hit by Trevor Carrick and loses puck.
4:23 of 1st overtime period - Jimmy Schuldt is hit by Jeremie Poirier and loses puck.
4:46 of 1st overtime period - Juraj Slafkovsky is hit by Joe Hicketts and loses puck.
Goals for this period are 0 for Calgary Hitman vs 0 for Lake Erie Monsters.
Shots for this period are 6 for Calgary Hitman vs 0 for Lake Erie Monsters.

ShootOut


5:00 of 1st overtime period - Round #1.
5:00 of 1st overtime period - Calgary Hitman, Callahan Burke.
5:00 of 1st overtime period - Snap shot by Callahan Burke.
5:00 of 1st overtime period - Stopped by Rejean Lemelin.
5:00 of 1st overtime period - Lake Erie Monsters, Ethen Frank.
5:00 of 1st overtime period - Deke by Ethen Frank.
5:00 of 1st overtime period - Shot Misses the Net.
5:00 of 1st overtime period - Round #2.
5:00 of 1st overtime period - Calgary Hitman, Connor Zary.
5:00 of 1st overtime period - Backhand shot by Connor Zary.
5:00 of 1st overtime period - Stopped by Rejean Lemelin.
5:00 of 1st overtime period - Lake Erie Monsters, Turner Elson.
5:00 of 1st overtime period - Wrist shot by Turner Elson.
5:00 of 1st overtime period - Goal by Turner Elson.
5:00 of 1st overtime period - Round #3.
5:00 of 1st overtime period - Calgary Hitman, Thomas Bordeleau.
5:00 of 1st overtime period - Deke by Thomas Bordeleau.
5:00 of 1st overtime period - Goal by Thomas Bordeleau.
5:00 of 1st overtime period - Lake Erie Monsters, Ryan Suzuki.
5:00 of 1st overtime period - Wrist shot by Ryan Suzuki.
5:00 of 1st overtime period - Shot Hit the Post.
5:00 of 1st overtime period - Round #4.
5:00 of 1st overtime period - Calgary Hitman, Tyler Tullio.
5:00 of 1st overtime period - Deke by Tyler Tullio.
5:00 of 1st overtime period - Goal by Tyler Tullio.
5:00 of 1st overtime period - Lake Erie Monsters, Mavrik Bourque.
5:00 of 1st overtime period - Snap shot by Mavrik Bourque.
5:00 of 1st overtime period - Stopped by Oskari Salminen.




Output by the SimonT Hockey Simulator (STHS) for Eric Tremblay - Original Page W3C HTML5 Valid
Hockey Simulator - Hockey Simulation - Hockey Manager